[Event "Saint Louis Norm Congress-IM 2022"]
[Site "Saint Louis"]
[Date "2022.05.19"]
[Round "1.1"]
[White "Tokhirjonova, Gulrukhbegim"]
[Black "Posthuma, Joshua"]
[Result "1/2-1/2"]
[ECO "B30"]
[WhiteElo "2337"]
[BlackElo "2405"]
[Annotator "TA"]
[PlyCount "113"]
[EventDate "2022.05.20"]
[EventType "tourn"]
[EventCountry "USA"]
[SourceTitle "playchess.com"]
[Source "ChessBase"]
[SourceQuality "1"]
[TimeControl "5400+30"]

1. e4 c5 2. Nf3 Nc6 3. Bb5 e5 4. O-O Bd6 5. c3 a6 6. Bxc6 {[%emt 0:02:10] B30: Sicilian: 2...Nc6 3 Bb5, lines without ...g6.} dxc6 7. d4 exd4 8. cxd4 Bg4 9. dxc5 Bxc5 10. Qc2 Qe7 {[%emt 0:04:09] Inhibits Ne5.} 11. Nbd2 Nf6 12. e5 Nd7 {[%emt 0:05:13] [#]} 13. Qb3 $146 ({Predecessor:} 13. Re1 O-O 14. h3 Bh5 15. Ne4 h6 16. Nxc5 Qxc5 17. Qf5 Bxf3 18. Qxd7 Qd5 19. Qxd5 Bxd5 {½-½ (19) Sirotkin,V (2301)-Kireev,V (2162) ICCF email 2012}) 13... O-O-O 14. Re1 Rhe8 15. h3 $1 Be6 16. Qc2 Bd5 17. a3 f6 18. b4 Bb6 19. Bb2 (19. exf6 $1 $15 Qf7 20. Bb2 gxf6 21. Rxe8 Rxe8 22. Re1) 19... fxe5 (19... Nxe5 $17 20. Bxe5 fxe5 21. Rxe5 Qf6) 20. Nxe5 $2 (20. Qxh7 $15 e4 21. Qf5) 20... Nxe5 $19 ({Worse is} 20... Bxf2+ 21. Kxf2 Qh4+ 22. Kg1 Nxe5 23. Rxe5 $17) 21. Rxe5 Qh4 (21... Qf7 $19 22. Nf1 Rxe5 23. Bxe5 Bxg2 $1 ) 22. Nf3 $1 $11 ({Much worse is} 22. Qf5+ Kb8 23. Rxe8 Rxe8 24. Be5+ Ka7 $17) 22... Bxf3 $40 {[%emt 0:03:18][%mdl 128] Black attacks. A strong pair of Bishops.} (22... Be4 $5 23. Nxh4 Bxc2 $15) 23. Qf5+ {[%emt 0:00:11][%mdl 8192] [#]} (23. Rxe8 $11 Rxe8 24. Qf5+ Kb8 25. Qxf3) 23... Kb8 $2 (23... Kc7 $1 $19 24. Qxf3 Rf8) 24. Qxf3 $17 {[%emt 0:00:32] [#]} Rf8 25. Rf5 Rxf5 26. Qxf5 {[%emt 0:00:14] [#]} Qxf2+ $1 27. Qxf2 Bxf2+ {[%emt 0:00:05][%mdl 4096] Endgame KRB-KRB} 28. Kf1 ({White should try} 28. Kxf2 $15 Rd2+ 29. Kf1 Rxb2 30. Re1) 28... Bd4 29. Bxd4 Rxd4 {[%emt 0:00:07] KR-KR} 30. Ke2 a5 31. Ke3 Rd5 32. Rf1 axb4 33. axb4 Kc7 34. Rf4 b5 35. g4 g6 (35... Rd6 $17) 36. h4 $11 c5 (36... Kb6 $15) 37. bxc5 {[%emt 0:01:39] The position is equal.} Kc6 {[%emt 0:00:11] White must now prevent ...Rd7.} 38. Rf7 b4 39. Rxh7 b3 40. Rh8 Kxc5 41. Rc8+ Kb4 42. Rb8+ $1 Kc3 {[%emt 0:00:35] Hoping for ...Rc5.} 43. Rc8+ Kb2 {[%emt 0:00:37] Strongly threatening ...Re5+.} (43... Kb4 $5 44. Rb8+ Kc3 45. Rc8+ Kb4 $11) 44. Rc6 g5 45. hxg5 Rxg5 46. Kf4 Ra5 47. g5 Ka3 48. Rb6 Ra4+ 49. Ke5 b2 50. g6 Rg4 51. Kf6 Rb4 52. Rxb4 Kxb4 53. g7 b1=Q {[%emt 0:00:06] ( -> ...Qb3)} 54. g8=Q {[%emt 0:00:07] Qb8+ would kill now.} Qb2+ 55. Kf7 Qb3+ 56. Kg7 Qxg8+ 57. Kxg8 {[%emt 0:00:07] And White is the lucky defender.  Weighted Error Value: White=0.24 (precise) /Black=0.20 (precise)} 1/2-1/2

[Event "Saint Louis Norm Congress-IM 2022"]
[Site "Saint Louis"]
[Date "2022.05.19"]
[Round "1.2"]
[White "Lee, Alice"]
[Black "Antova, Gabriela"]
[Result "0-1"]
[ECO "D36"]
[WhiteElo "2344"]
[BlackElo "2293"]
[Annotator "TA"]
[PlyCount "162"]
[EventDate "2022.05.20"]
[EventType "tourn"]
[EventCountry "USA"]
[SourceTitle "playchess.com"]
[Source "ChessBase"]
[SourceQuality "1"]
[TimeControl "5400+30"]

1. d4 d5 2. c4 e6 3. Nc3 Nf6 4. cxd5 exd5 5. Bg5 c6 6. e3 Be7 7. Bd3 Nbd7 8. Nge2 O-O 9. Qc2 Re8 10. O-O Nf8 11. Rae1 g6 12. f3 Ne6 13. Bh4 b5 $1 {[%emt 0:00:19][%mdl 4] is now more promising than 13...Ng7. D36: Queen's Gambit Declined: Exchange Variation: Main line (5 Bg5 c6 6 Qc2).} 14. Bf2 Bb7 15. h3 Rc8 {[%emt 0:02:17] [#]} 16. Qd2 $146 ({Predecessor:} 16. e4 a6 17. e5 Nh5 18. Qd2 c5 19. f4 cxd4 20. Bxd4 b4 21. Na4 Nxd4 22. Nxd4 {0-1 (39) Dominguez Laguna,E (1877)-Alvarado Diaz,A (2396) Llinars del Valles 2021}) 16... b4 17. Na4 Qa5 18. b3 c5 19. dxc5 Nxc5 20. Nxc5 Bxc5 21. Nd4 Ba6 22. Bxa6 Qxa6 23. Rc1 Bf8 24. Rxc8 Rxc8 25. Rc1 Nd7 (25... Rxc1+ $11 {might be stronger.} 26. Qxc1 Qxa2) 26. Rxc8 $14 Qxc8 27. Ne2 Nb6 28. Bg3 Qf5 29. Nd4 Qc8 30. Kh2 h5 31. Ne2 (31. Qd3 {is more complex.} Bh6 32. Bf2 Qc7+ 33. Kg1) 31... Qc5 32. Kg1 Bg7 {[%emt 0:01:03] Against Be5} 33. Bf2 Qe7 34. Qd3 Qe5 (34... Qc5 $14) 35. Nd4 $16 Qc7 36. Ne2 Qe5 37. Qc2 Bh6 38. f4 Qa1+ (38... Qe4 $5 39. Nd4 Bf8 $11) 39. Kh2 Bg7 40. e4 (40. Bh4 $5 ) 40... dxe4 41. Qxe4 {[%emt 0:00:15] [#] aiming for Qe8+.} Nd7 42. Qa8+ Nf8 43. Qxa7 Qb2 44. Ng3 Ne6 (44... Qd2 $11) 45. Be3 (45. Ne4 $16) 45... Nd4 {[%emt 0:00:30] [#]} (45... Qc3 $11) 46. Qa8+ (46. Ne4 $1 $16 {[%cal Re4g5] Hoping for Ng5.} Ne6 47. Nd6) 46... Kh7 $11 47. Bxd4 Bxd4 {[%emt 0:00:29][%mdl 4096] Endgame KQB-KQN} (47... Qxd4 $11 {keeps the balance.} 48. Ne2 Qe3) 48. Qd5 ({Better is} 48. Qf8 $16 {And now Ne4 would win.} f5 49. Qxb4) 48... Kg8 49. Ne2 Bf6 {[%emt 0:00:18] Against Qd8+} 50. Qa8+ Kg7 51. Qa6 h4 52. Ng1 Qf2 53. Qc4 Qxa2 54. Qxb4 Qf2 55. Nf3 Qe3 56. Qc4 Bd8 57. b4 ({White should try} 57. Qd4+ $1 $14 Qxd4 58. Nxd4) 57... Bb6 58. f5 g5 59. b5 Ba7 60. Kh1 Bc5 61. Qc2 Kf6 62. Qb1 Bb6 63. Nh2 {[%emt 0:00:20] Intending Ng4+ and mate.} Ke7 {[%emt 0:00:41] Active counter play!} 64. Ng4 Qd4 65. f6+ Kd6 66. Qc1 Bc5 67. Qe1 {[%emt 0:00:30] Strongly threatening Qe7+.} Kc7 68. Ne5 Kb6 69. Nxf7 {[%emt 0:00:33] Ne5 is the strong threat.} Qxf6 70. Ne5 {[%emt 0:00:07] Nd7+ would kill now.} Qf5 {[%emt 0:00:50] Inhibits Nd7+.} 71. Nf3 Kxb5 72. Qe2+ Kb6 73. Qb2+ Kc6 74. Qc1 {[%emt 0:00:15] Threatening mate with Nd4+.} Kd7 75. Nxg5 Bd6 76. Nf3 Qe4 77. Qa1 Bg3 78. Qd1+ Kc8 79. Ng1 Kc7 {[%emt 0:00:44] The position is equal.} 80. Ne2 Be5 81. Qf1 Kc6 {[%emt 0:00:42][%mdl 32768] Weighted Error Value: White=0.19 (very precise) /Black=0.19 (very precise) . Sensor Board Error (Ke4/e5)?} 0-1

[Event "Saint Louis Norm Congress-IM 2022"]
[Site "Saint Louis"]
[Date "2022.05.19"]
[Round "1.3"]
[White "Yu, Jennifer"]
[Black "Ezra Paul Chambers"]
[Result "1/2-1/2"]
[ECO "A06"]
[WhiteElo "2257"]
[BlackElo "2232"]
[Annotator "TA"]
[PlyCount "115"]
[EventDate "2022.05.20"]
[EventType "tourn"]
[EventCountry "USA"]
[SourceTitle "playchess.com"]
[Source "ChessBase"]
[SourceQuality "1"]
[TimeControl "5400+30"]

1. c4 c6 2. Nf3 d5 3. e3 Nf6 4. b3 e6 5. Bb2 Nbd7 6. Be2 Bd6 {[%emt 0:01:22] A06: Réti Opening: 1 Nf3 d5.} 7. d4 Ne4 8. O-O O-O {[%emt 0:02:35] White has an edge.} 9. Ne5 Qc7 10. f3 {[%emt 0:03:41] [#]} Nef6 $146 ({Predecessor:} 10... Bxe5 11. dxe5 Nec5 12. b4 Na6 13. cxd5 Nxb4 14. d6 Qb6 15. Qd2 Nd5 16. Bd4 c5 {0-1 (53) Polushkina,S (2080)-Romanova,E Kiev 1997}) 11. f4 b6 12. Nd2 Bb7 13. Rc1 Rac8 14. Bd3 c5 15. cxd5 {[%emt 0:09:22] White is more active.} ({White should try} 15. Nxd7 $1 $16 Qxd7 16. dxc5) 15... Nxd5 $14 16. Qe2 (16. Qh5 $16 N7f6 17. Qh3) 16... f5 17. e4 (17. Bc4 $142) 17... fxe4 $1 $11 18. Qxe4 (18. Nxe4 Nxf4 19. Rxf4 Rxf4 $17) 18... N7f6 (18... Rf5 $5 19. Qe1 Rxf4 $11) 19. Qe2 Qe7 20. g3 Rc7 21. Ndf3 Rfc8 22. Ng5 (22. Bc4 $5 ) 22... g6 $2 (22... cxd4 $1 $14 23. Rxc7 Rxc7) 23. Rce1 (23. Nc4 $1 $18 {and the rest is easy.}) 23... cxd4 $16 24. Bxd4 ({White should play} 24. Ng4 $16) 24... Bb4 $11 25. Ng4 $2 Bxe1 $2 (25... Nxg4 $19 26. Qxg4 Bxe1 27. Nxh7 Qxh7 28. Bxg6 Bf2+ $1 29. Bxf2 Qg7 30. Qxe6+ Kf8 31. Qf5+ Qf6) 26. Nh6+ $1 $16 Kh8 $2 (26... Kg7 $16 {is more resistant.} 27. Nxe6+ Kxh6) 27. Rxe1 $18 (27. Ngf7+ $2 Kg7 28. Rxe1 Nb4 $17) 27... Rc1 {[%emt 0:00:37] [#]} 28. Bc4 $1 (28. Ngf7+ $2 Kg7 29. Bc4 (29. Rxc1 $2 Rxc1+ 30. Kf2 Rh1 $19) 29... Nc3 $19) 28... Rxe1+ 29. Qxe1 Kg7 30. Ng4 h5 $2 (30... e5 31. Qxe5 (31. Nxe5 Kg8 $16) 31... Qxe5 32. Bxe5 h5) 31. Nxe6+ (31. Bxd5 $142 hxg4 32. Bxb7) 31... Kh8 $2 (31... Kf7) 32. Bxd5 $2 {[%emt 0:00:48] A strong pair of Bishops.} (32. Nxf6 Nxf6 33. Qa1) 32... hxg4 33. Bxb7 {[%emt 0:00:23][%mdl 64] Deflection} Qxb7 34. Bxf6+ Kg8 {[%emt 0:00:02] And now ...Rc2 would win.} 35. Ng5 {[%emt 0:00:32] aiming for Qe6+.} Qd5 36. Qb1 $2 (36. Qe7 $2 {gets mated.} Qd1+) (36. Ne4 $18) 36... Qc5+ $11 37. Kf1 Qb5+ $2 {[%emt 0:00:43] [#]} (37... Qc1+ $11 {and Black is okay.} 38. Qxc1 Rxc1+ 39. Ke2 Rc2+ 40. Kd3 Rxa2) 38. Kf2 $2 (38. Ke1 $1 $18 Qb4+ 39. Ke2 Qb5+ 40. Ke3 (40. Kf2 Qf5 $16) 40... Qc5+ 41. Bd4 (41. Ke2 Qc2+ 42. Qxc2 Rxc2+ 43. Ke3 Rxa2 $14)) 38... Qc5+ 39. Ke2 Qc2+ 40. Qxc2 Rxc2+ 41. Kd3 Rxa2 42. h4 {[%emt 0:00:09] Kd4 is the strong threat.} gxh3 $1 43. Nxh3 Kf7 (43... Rg2 $11 {keeps the balance.} 44. Ng5 Rxg3+ 45. Kc4 Kf8) 44. Bd4 $16 Ke6 45. Nf2 (45. g4 $16) 45... b5 $1 $14 46. g4 (46. b4 $14) 46... a5 $1 $11 47. Ne4 Rh2 48. f5+ (48. Bb6 $5 ) 48... gxf5 {[%emt 0:00:21] The position is equal.} 49. gxf5+ Kxf5 50. Nd6+ Ke6 $1 51. Nxb5 Kd5 52. Bc3 Rh3+ 53. Kc2 Rh2+ 54. Bd2 Kc5 55. Na3 Rxd2+ 56. Kxd2 {[%emt 0:00:04] Kc3 would kill now.} Kb4 57. Nc4 Kxb3 58. Nxa5+ {[%emt 0:00:04] Black escapes into a draw.  Weighted Error Value: White=0.54/Black=0.50} 1/2-1/2

[Event "Saint Louis Norm Congress-IM 2022"]
[Site "Saint Louis"]
[Date "2022.05.19"]
[Round "1.4"]
[White "Marek, Matyas"]
[Black "Rodriguez Rivera, Pedro"]
[Result "1-0"]
[ECO "B07"]
[WhiteElo "2363"]
[BlackElo "2197"]
[Annotator "TA"]
[PlyCount "61"]
[EventDate "2022.05.20"]
[EventType "tourn"]
[EventCountry "USA"]
[SourceTitle "playchess.com"]
[Source "ChessBase"]
[SourceQuality "1"]
[TimeControl "5400+30"]

1. e4 d6 2. d4 Nf6 3. Nc3 e6 4. Nf3 Be7 5. Bd3 c5 6. dxc5 {[%emt 0:00:21] B07: Pirc Defence: Miscellaneous Systems.} dxc5 7. O-O Nc6 {[%emt 0:02:25] [#]} 8. Re1 $146 {[%emt 0:00:47] White is better.} ({Predecessor:} 8. Qe2 Nd4 9. Nxd4 cxd4 10. e5 dxc3 11. exf6 Bxf6 12. Bb5+ Kf8 13. bxc3 Qc7 14. Rd1 {½-½ (25) Sorcinelli,A (2227)-Kolanek,R (2097) LSS email 2016}) 8... O-O 9. e5 Nd5 10. Qe2 Ndb4 11. Be4 Nd4 12. Nxd4 cxd4 13. Rd1 $40 {[%emt 0:02:21][%mdl 128] White attacks with force. White is more active.} (13. Qh5 $2 g6 14. Qf3 dxc3 $19) 13... f5 14. exf6 $1 Bxf6 15. Nb5 (15. Qh5 g6 16. Qc5 Na6 $14) 15... Qb6 16. c3 {[%emt 0:16:40] Threatens to win with Qh5.} dxc3 $2 {[%emt 0:24:23][%mdl 8192] This move loses the game for Black.} (16... d3 $16 17. Qe3 (17. Bxd3 $2 Nxd3 18. Qxd3 Rd8 $19) (17. Qh5 g6 $11) 17... Qxb5) 17. Be3 $18 cxb2 18. Rab1 ({Not} 18. Bxb6 bxa1=R 19. Rxa1 axb6 $16) 18... Qa5 19. Qh5 g6 {[%emt 0:00:40] [#]} 20. Bxg6 $1 {[%emt 0:00:33][%mdl 576] Demolition} hxg6 21. Qxg6+ Kh8 22. Bh6 Qxb5 23. Bxf8 $2 (23. Rd8 {mates} Qf1+ 24. Kxf1 Rxd8 25. Qxf6+ Kh7 26. Qg7#) 23... Qf5 24. Qh6+ Kg8 {[%emt 0:00:01] Strongly threatening ...Nd3.} 25. Bxb4 {[%emt 0:04:11][%cal Bf8b4,Bb4a3,Ba3b2][%mdl 32] Really sharp!} Bd7 {[%emt 0:00:01] [#] White must now prevent ...Ba4.} 26. Ba3 $1 Bg7 (26... Bg5 {is a better defense.} 27. Qh5 Be8) 27. Qd2 Ba4 28. Re1 ({Less strong is} 28. Bxb2 Bxd1 29. Rxd1 Bxb2 $18) 28... Bc2 $2 (28... Qg6 29. Bxb2 Bc6) 29. Rxb2 Bxb2 30. Bxb2 {[%emt 0:00:02] Re5 would kill now.} Qh7 31. Rxe6 {[%emt 0:01:10] Weighted Error Value: White=0.27 (precise) /Black=1.02} 1-0

[Event "Saint Louis Norm Congress-IM 2022"]
[Site "Saint Louis"]
[Date "2022.05.19"]
[Round "1.5"]
[White "Grabinsky, Aaron"]
[Black "Proleiko, Julian"]
[Result "1-0"]
[ECO "B11"]
[WhiteElo "2401"]
[BlackElo "2204"]
[Annotator "TA"]
[PlyCount "105"]
[EventDate "2022.05.20"]
[EventType "tourn"]
[EventCountry "USA"]
[SourceTitle "playchess.com"]
[Source "ChessBase"]
[SourceQuality "1"]
[TimeControl "5400+30"]

1. e4 c6 2. Nc3 d5 3. Nf3 dxe4 4. Nxe4 Nf6 5. Qe2 Na6 6. Nxf6+ {[%emt 0:01:31] B11: Caro-Kann: Two Knights Variation.} (6. d4 $14 {deserves consideration.}) 6... gxf6 $11 7. h3 Bf5 8. d3 {[%emt 0:02:24] Black has an edge.} e6 {[%emt 0:00:54] [#]} (8... Nb4 {might be stronger.}) 9. g3 $146 ({Predecessor:} 9. a3 h6 10. g3 Nc7 11. Bg2 Bg7 12. O-O O-O 13. Nh2 Bg6 14. h4 Nb5 15. Qd1 {1-0 (39) Tu,H (2509)-Tran,Q (2196) Nha Trang 2009}) 9... Qa5+ 10. Bd2 Nb4 11. Bc3 Qc5 12. Bg2 Nd5 13. Bd4 Qa5+ 14. Kf1 O-O-O 15. a3 c5 {[%emt 0:05:21] Against b4} 16. b4 Qb6 17. bxc5 Bxc5 18. Bxc5 Qxc5 19. Kg1 Rhg8 {[%emt 0:06:22] White must now prevent ...Rxg3.} 20. Kh2 Nc3 21. Qe1 e5 22. Nd2 h5 23. Nc4 Nd5 ({Black should play} 23... Qd4 $14) 24. h4 $1 $16 Be6 25. Rb1 b6 26. a4 Nc7 {[%emt 0:00:58] Prevents Rb5.} 27. a5 b5 28. Nd2 f5 29. Nb3 Qd6 (29... Qxc2 $2 30. Qxe5 $1 Qxf2 31. Rhf1 $18 (31. Rb2 Qxg3+ 32. Qxg3 Rxg3 $16)) 30. Qe3 (30. c4 $16) 30... f4 $1 $14 31. Qxa7 (31. Qc5 $1 $14) 31... e4 $11 32. Bxe4 (32. Nc5 $11 fxg3+ 33. Kg1 gxf2+ 34. Kf1) 32... fxg3+ $15 33. Kg2 {[%emt 0:00:08] [#] And now f3 would win.} gxf2+ (33... Bd5 34. f3 Ne6 35. Bxd5 Qxd5 36. Rhe1 Nf4+ 37. Kg1 Nh3+ 38. Kg2 Nf4+ 39. Kg1 Nh3+ 40. Kg2 Nf4+ $11) 34. Kf1 {[%emt 0:00:27] [#]} (34. Kxf2 $15 Rde8 35. Rbg1 (35. Ke2 $2 Bxb3 36. Qb7+ Kd7 $19)) 34... Rg1+ $2 (34... Bd5 $1 $19 {[%cal Rd5e4] aiming for ...Bxe4.} 35. Qc5 (35. Qxf2 $2 Bxe4 36. dxe4 Rg4 $19) 35... Rg1+ 36. Rxg1 fxg1=Q+ 37. Qxg1 Bxe4 38. dxe4 Qf4+ 39. Qf2 Qxe4) 35. Rxg1 $11 {[%emt 0:03:15] Dancing on a razor blade.} fxg1=Q+ 36. Qxg1 Bh3+ 37. Ke1 f5 38. Bh1 (38. Qe3 $2 Bg4 39. Qc5 fxe4 40. Qxd6 Rxd6 $19) (38. Bf3 $1 $11 {and White is okay.}) 38... Qf4 $2 (38... Re8+ $19 39. Kd1 Qf4) 39. Bc6 $36 {[%emt 0:01:25][%cal Oa5a6][%mdl 2048] White fights for an advantage.} Qxh4+ (39... Rd6 $5 40. Qg8+ Rd8 $11) 40. Kd2 {[%emt 0:01:08] Strongly threatening Qb6.} Qb4+ (40... Qf4+ 41. Qe3 Qxe3+ 42. Kxe3 $16) (40... Rd6 $1 $11 41. Bh1 (41. Qb6 $2 Qf4+ 42. Qe3 Qh2+ 43. Kc1 Rxc6 $19) 41... b4) 41. Kc1 $16 Qa3+ $2 (41... Qc3 $16 42. Qc5 (42. Qb6 Rxd3 43. Qb7+ Kd8 $11) 42... Qxc5 43. Nxc5 Rd6 44. Bb7+ (44. Bxb5 Rd5 $11) 44... Kb8) 42. Rb2 $18 Nd5 {[%emt 0:05:40] Against Qb6} (42... Qe7 $142 43. a6 Nxa6) 43. Bxd5 ({Less strong is} 43. Qa7 Qe7 44. Qf2 Qg5+ 45. Nd2 Qe3 46. Qxe3 Nxe3 47. Rxb5 Kc7 $18) 43... Rxd5 44. Qh1 Qb4 45. Nd2 Qh4 (45... Qc5 $142 46. Qxh3 Qg1+ 47. Qf1 Qxf1+ 48. Nxf1 f4) 46. Kb1 Rc5 47. a6 {[%emt 0:00:37] Threatens to win with a7.} Rc7 48. Rxb5 {[%emt 0:00:56] Intending Qa8+ and mate.} Qa4 49. Qa8+ {[%emt 0:00:29] White mates.} Kd7 50. Qd5+ Kc8 51. Qe6+ Rd7 52. Qe8+ Rd8 53. Qc6# {[%emt 0:00:07] Weighted Error Value: White=0.21 (precise) /Black=0.44} 1-0

[Event "Saint Louis Norm Congress-IM 2022"]
[Site "Saint Louis"]
[Date "2022.05.20"]
[Round "2.1"]
[White "Posthuma, Joshua"]
[Black "Proleiko, Julian"]
[Result "1-0"]
[ECO "A05"]
[WhiteElo "2405"]
[BlackElo "2204"]
[Annotator "TA"]
[PlyCount "108"]
[EventDate "2022.05.20"]
[EventType "tourn"]
[EventCountry "USA"]
[SourceTitle "playchess.com"]
[Source "ChessBase"]
[SourceQuality "1"]
[TimeControl "5400+30"]

1. Nf3 Nf6 2. g3 b5 3. Bg2 Bb7 4. O-O e6 5. d3 Be7 6. e4 d6 7. a4 a6 {[%emt 0:01:33] A05: Réti Opening: 1 Nf3 Nf6.} 8. axb5 axb5 9. Rxa8 Bxa8 {[%emt 0:00:04] White has an edge.} 10. Na3 b4 11. Nc4 O-O 12. Bd2 d5 13. exd5 {[%emt 0:00:28] [#]} Nxd5 $146 ({Predecessor:} 13... Bxd5 14. Nfe5 Bc5 15. Re1 Qc8 16. Bg5 Nbd7 17. d4 Ba7 18. Nxd7 Nxd7 19. Bxd5 exd5 {½-½ (32) Roeder,M (2372)-Abasov,N (2652) Struga 2021}) 14. Qa1 Nd7 15. Qa5 b3 16. c3 ({Don't play} 16. cxb3 Nc5 $15) 16... N5b6 17. Be3 (17. Nxb6 $14 {is superior.} Nxb6 18. Qb5) 17... Nxc4 $11 18. dxc4 Nb6 19. Qb5 Qe8 (19... Bxf3 $11 {keeps the balance.} 20. Bxf3 Qd3) 20. Bxb6 {[%emt 0:02:25] White is more active.} Qxb5 21. cxb5 cxb6 22. Nd4 Bxg2 23. Kxg2 $16 {[%emt 0:00:06][%mdl 4096] Endgame KRB-KRN} Ra8 {[%emt 0:00:14] Inhibits Ra1.} 24. Nxb3 Ra2 25. Rb1 h5 26. Kf3 g5 27. Ke4 Bd6 28. Nc1 Ra5 29. c4 $1 f5+ 30. Kd3 e5 31. Nb3 Ra4 32. f3 (32. Ra1 $1 $16 Rxa1 33. Nxa1) 32... Kf7 $14 33. Ra1 Rxa1 34. Nxa1 $11 {[%emt 0:00:03] KB-KN} g4 35. Ke2 Bc5 36. Nc2 f4 37. gxf4 exf4 38. Ne1 {[%emt 0:00:36] Strongly threatening Nd3.} Bg1 $2 ({Black should play} 38... Kf6 $14) 39. Nd3 $1 $18 {[%emt 0:00:37] fxg4 is the strong threat.} g3 (39... gxf3+ 40. Kxf3 Bxh2 41. Nxf4 h4) 40. hxg3 fxg3 {[%emt 0:00:06] And now ...g2 would win.} 41. Kf1 Be3 42. Kg2 h4 43. b4 $2 (43. c5 $1 $18) 43... Bg5 $11 44. c5 Bd8 $2 {[%emt 0:00:03][%mdl 8192] [#]} (44... Ke6 $11) 45. Nf4 $1 $18 bxc5 46. bxc5 Ke7 47. Kh3 {[%emt 0:01:26] Nd5+ would kill now.} Kd7 48. Nd3 Be7 49. f4 {[%emt 0:00:22] White mates.} Kc7 50. Nb4 Bxc5 {[%emt 0:00:54] [#]} 51. Na6+ $1 Kb6 52. Nxc5 Kxb5 53. Ne4 Kc4 {[%emt 0:00:27] [#]} 54. Nxg3 $1 Kd5 {[%emt 0:00:44] Weighted Error Value: White=0.27 (precise) /Black=0.56} (54... hxg3 55. Kxg3) 1-0

[Event "Saint Louis Norm Congress-IM 2022"]
[Site "Saint Louis"]
[Date "2022.05.20"]
[Round "2.2"]
[White "Rodriguez Rivera, Pedro"]
[Black "Grabinsky, Aaron"]
[Result "0-1"]
[ECO "A47"]
[WhiteElo "2197"]
[BlackElo "2401"]
[Annotator "TA"]
[PlyCount "101"]
[EventDate "2022.05.20"]
[EventType "tourn"]
[EventCountry "USA"]
[SourceTitle "playchess.com"]
[Source "ChessBase"]
[SourceQuality "1"]
[TimeControl "5400+30"]

1. d4 e6 2. Nf3 Nf6 3. e3 c5 4. Bd3 b6 5. Nbd2 Bb7 6. O-O Be7 7. Qe2 cxd4 {[%emt 0:01:08] A47: 1 d4 Nf6 2 Nf3 b6: Torre, London and Colle Systems.} 8. Nxd4 {[%emt 0:02:30] [#]} a6 $146 ({Predecessor:} 8... O-O 9. e4 d6 10. c3 Nbd7 11. Bc2 Re8 12. Re1 Bf8 13. Nf1 a6 14. f3 h6 15. Be3 {0-1 (41) Altmann,C (1985)-Luft,M (2130) Bayern 2000}) 9. e4 d6 {[%emt 0:00:10] The position is equal.} 10. c4 Qc7 11. b3 Nbd7 12. Bb2 O-O 13. Rac1 Rfe8 14. Rfd1 Rac8 15. Bb1 Bf8 16. N4f3 e5 17. Nf1 Qb8 18. Ng3 g6 19. Re1 Bc6 20. Nd2 b5 21. cxb5 axb5 22. Ndf1 Qb7 23. Ne3 h5 24. h4 Nc5 25. f3 Rcd8 26. Qf2 Qb6 27. Rcd1 Bh6 28. Nc2 b4 29. Ne3 Bb5 30. Nd5 Nxd5 31. Rxd5 Qa6 32. Bc1 Bxc1 33. Rxc1 Ne6 34. Rcd1 Nd4 (34... Nf4 $1 $15 35. R5d2 Re7) 35. R1xd4 $11 exd4 36. Qxd4 {[%emt 0:00:13][%cal Og3h5] Strongly threatening Nxh5!} Re6 (36... Rb8 $11 {remains equal.}) 37. Qxb4 (37. Kh2 $1 $16) 37... Bc6 38. Ra5 Qc8 39. Qd4 {[%emt 0:03:35] Inhibits d5.} ({White should play} 39. Rg5 $14) 39... Re5 $36 {[%emt 0:01:14][%mdl 2048] Black is more active.} (39... d5 $5 40. e5 Qc7 $15) 40. Qd2 {[%emt 0:04:25] [#]} ({Wrong is} 40. Rxe5 $2 dxe5 41. Qxe5 Rd1+ 42. Kh2 Qd8 $19) (40. Ra7 $1 $11) 40... Qc7 $1 $19 41. Rxe5 dxe5 42. Qc1 Qa7+ 43. Kh2 Qe7 44. Ne2 $2 (44. Nf1 Qxh4+ 45. Kg1) 44... Qxh4+ 45. Kg1 Qe7 46. Kf2 (46. a4 $142) 46... Bb5 47. Nc3 Qc5+ 48. Qe3 Rd2+ 49. Kg3 Rd8 $4 50. Qc1 $4 (50. Qxc5 $18 Bd7 51. Qe7) 50... Rc8 {[%emt 0:00:03] White must now prevent ...h4+.} 51. Ne2 {[%emt 0:00:02] Weighted Error Value: White=0.75/Black=0.12 (very precise)} 0-1

[Event "Saint Louis Norm Congress-IM 2022"]
[Site "Saint Louis"]
[Date "2022.05.20"]
[Round "2.3"]
[White "Ezra Paul Chambers"]
[Black "Marek, Matyas"]
[Result "1/2-1/2"]
[ECO "B43"]
[WhiteElo "2232"]
[BlackElo "2363"]
[Annotator "TA"]
[PlyCount "68"]
[EventDate "2022.05.20"]
[EventType "tourn"]
[EventCountry "USA"]
[SourceTitle "playchess.com"]
[Source "ChessBase"]
[SourceQuality "1"]
[TimeControl "5400+30"]

1. e4 c5 2. Nf3 e6 3. Nc3 a6 4. g3 b5 5. Bg2 Bb7 6. d4 cxd4 7. Nxd4 b4 8. Na4 {[%emt 0:01:16] B43: Sicilian: Kan Variation: 5 Nc3.} Nf6 9. Qe2 Qa5 10. b3 Nc6 11. Bb2 Nxd4 12. Bxd4 Qb5 {[%emt 0:00:21] is the legacy move (12...e5).} 13. Nb6 Rb8 14. Nc4 {[%emt 0:15:36] [#]} Bxe4 $146 ({Predecessor:} 14... d5 15. exd5 Bxd5 16. Bxd5 Nxd5 17. O-O Nf6 18. Rad1 h5 19. Be5 Rc8 20. Rd6 Nd7 {1-0 (32) Pfretzschner,R (2300)-Naiditsch,A (2175) Bad Zwesten 1998}) 15. Bxe4 Nxe4 {[%emt 0:00:37][%mdl 64] [#] Remove Defender} 16. Qxe4 {[%emt 0:01:06][%cal Od4g7] Bxg7! is the strong threat.} d5 17. Qf4 {[%emt 0:00:16][%cal Od4g7] And now Bxg7! would win.} dxc4 18. bxc4 Qb7 19. O-O Rc8 {[%emt 0:00:18] Inhibits c5.} 20. c5 {[%emt 0:03:00] Black should prevent a3.} Qc7 21. Qxc7 Rxc7 22. a3 Bxc5 23. Bxg7 Rg8 24. Be5 Rc6 25. Rfb1 Rg4 {[%emt 0:01:29] The position is equal.} 26. axb4 Rxb4 27. Rxb4 Bxb4 $11 {[%emt 0:00:01][%mdl 4096] Endgame KRB-KRB} 28. c3 Be7 29. Kf1 f6 30. Bd4 e5 31. Be3 Rxc3 32. Rxa6 Rc7 33. Ke2 Kf7 34. g4 Bc5 {[%emt 0:00:51] Weighted Error Value: White=0.05 (flawless) /Black=0.05 (flawless)} 1/2-1/2